 Dungeon Crawl Stone Soup version 0.28-a0-479-g5baa6b73be (webtiles) character file.

Game seed: 3258930660642922380

81 Sargento the Skirmisher (level 4, -10/41 HPs)
             Began as a Minotaur Berserker on Sept 17, 2021.
             Was a Believer of Trog.
             Killed by divine providence
             ... invoked by an orc priest
              (12 damage)
             ... on level 3 of the Dungeon.
             The game lasted 00:09:35 (1455 turns).

Sargento the Skirmisher (Minotaur Berserker)        Turns: 1455, Time: 00:09:37

Health: -10/41     AC:  9    Str: 22    XL:     4   Next: 20%
Magic:  3/3        EV:  8    Int:  4    God:    Trog [**....]
Gold:   150        SH:  0    Dex: 10    Spells: 3/3 levels left

rFire   . . .      SeeInvis +   a - +0 falchion
rCold   . . .      Faith    .   (no shield)
rNeg    . . .      Spirit   .   i - +0 chain mail
rPois   +          Reflect  .   (helmet restricted)
rElec   .          Harm     .   g - scarf {+Inv}
rCorr   .          Rampage  .   (no gloves)
Will    ++...                   (no boots)
Stlth   ..........              (no amulet)
HPRegen 1.13/turn               I - ring of see invisible {sInv, !d}
MPRegen 0.08/turn               p - ring of poison resistance {rP+, !d}

@: strong-willed, regenerating
A: horns 2, retaliatory headbutt
a: Renounce Religion, Evoke Invisibility, Berserk, Trog's Hand


You were on level 3 of the Dungeon.
You worshipped Trog.
Trog was pleased with you.
You visited 1 branch of the dungeon, and saw 3 of its levels.

You collected 150 gold pieces.


Innate Abilities, Weirdness & Mutations

You have a pair of horns on your head.
You reflexively headbutt those who attack you in melee.


   Skills:
 + Level 4.4 Fighting
 + Level 4.3 Long Blades
 + Level 3.4 Armour
 + Level 3.1 Dodging


You had 3 spell levels left.
You didn't know any spells.
Your spell library was empty.

Inventory:

Hand Weapons
 a - a +0 falchion (weapon)
Armour
 b - a +0 animal skin
 d - a +0 ring mail
   (You found it on level 1 of the Dungeon)
 g - a scarf of invisibility (worn)
   (You found it on level 2 of the Dungeon)
 i - a +0 chain mail (worn)
   (You found it on level 2 of the Dungeon)
Jewellery
 p - a ring of poison resistance (right hand) {rP+, !d}
   (You found it on level 2 of the Dungeon)
 F - a ring of flight {+Fly, !d}
   (You found it on level 2 of the Dungeon)
 I - a ring of see invisible (left hand) {sInv, !d}
   (You found it on level 2 of the Dungeon)
Wands
 k - a wand of polymorph (8)
   (You found it on level 3 of the Dungeon)
Scrolls
 f - a scroll of identify {!r, unknown}
 h - 2 scrolls of teleportation {!r, unknown}
 j - a scroll of fog {!r, unknown}
Potions
 c - a potion of attraction {unknown}
 e - 3 potions of heal wounds {unknown}
 l - 2 potions of lignification {unknown}

Dungeon Overview and Level Annotations

Branches:
Dungeon (3/15)

Altars:
Nemelex Xobeh

#####.#####...####.#.####
.......r@o..######...####
...##...o#...........o...
#...##########.####o)
#.... #.......o ...##.
#.#.##### ..>. ..
#.#.#8P.© ..### ..
#.#.#≈... .. ... #.####'
.##.#o≈.. ....#o≈|.
###.#5≈≈≈ ###.#.≈≈⌠
....#.≈≈≈ ##..#.≈..
#..#.≈.. #..####'


You could see an orc priest, an orc wizard (invisible) and a rat.


Message History

Ye swin' at nuthin'!
Ye swin' at nuthin'!
Ye swin' at nuthin'!
Ye swin' at nuthin'!
Ye swin' at nuthin'!
Done 'splorin'!
Thar be a stone staircase leadin' down 'ere!
Ye climb downwards!
Ye hear tha sound o' rushin' water!
Thar be an entrance ta a sewer on 'tis level!
Hurry an' find it 'fore tha portal rusts away!!!
Thar be a stone staircase leadin' up 'ere!
Found a stone staircase leadin' up!
Found a sparklin' altar o' Nemelex Xobeh!
A worm comes inta view!
Found a scroll labelled ATEHAQ RUALLAO!
Thar be a fountain o' sparklin' water 'ere!
h - 2 scrolls labelled ATEHAQ RUALLAO {!!.r} (gain'd 1)
A ball python comes inta view!
Tha ball python hisses butt-ly!
Found a jewelled lead wand!
Found a transporter!
Tha shadow imp shouts!!!
Tha orc priest shouts!!!
Ye hear a shout!!!
Somethin' shouts, "Accept thy doom, thou dissemblin' fob-snatchin' nobody!!!"
Tha ball python bites ye!
Tha ball python grabs ye!
Tha ball python constricts ye!
Ye see 'ere 13 gold pieces!
Damage: -3%(-1hp) hp: 97%(32hp) Ye carve tha ball python like a ham!
Ye annihilate tha ball python!!!
Nay reach'ble target in view!!!
Found a stone staircase leadin' up!
A bat comes inta view!
Tha bat barely misses ye!
Ye furiously retaliate!!!
Ye headbutt tha bat!!!
Ye annihilate tha bat!!!
Yer Dodgin' skill increases ta level 3!!!
Ye now haf 114 gold pieces (gain'd 13)!
Found 11 gold pieces!
Thin's tha be 'ere: a bat butt; a ball python corpse butt - a rin' o' poison resistance (right hand) {rP+, !!.d} An adder comes inta view!
Tha adder hisses angrily!
Ye see 'ere 11 gold pieces!
Ye now haf 125 gold pieces (gain'd 11)!
Tha adder bites ye!
Damage: -2%(-1hp) hp: 98%(33hp) Ye barely miss tha adder!
Ye headbutt tha adder!!!
Tha adder be almost dead!
Tha adder barely misses ye!
Yer chain mail prevents ye from hittin' tha adder!
Tha adder be almost dead!
Tha adder bites ye!
Damage: -3%(-1hp) hp: 95%(32hp) Ye barely miss tha adder!
Tha adder be almost dead!
Ye hear tha slow rustin' o' a very distant drain!
Tha adder closely misses ye!
Tha adder barely misses ye!
Ye miss tha adder!
Ye headbutt tha adder!
Ye annihilate tha adder!!!
Ye haf reached level 4!!!
Ye feel stronger!
Tha worm bites ye but does nay damage!
Thin's tha be 'ere: a bat corpse; a ball python corpse Yer chain mail prevents ye from hittin' tha worm!
Ye slice tha worm like a ripe choko!
Tha worm be lightly wounded!
Tha worm bites ye but does nay damage!
Ye barely miss tha worm!
Ye headbutt tha worm!!!
Tha worm be heavily wounded!
Tha worm barely misses ye!
Ye carve tha worm like a ham!
Tha worm be severely wounded!
Ye carve tha worm like a ham!
Ye headbutt tha worm!
Ye annihilate tha worm!!!
Tha shadow imp shouts, "Back wit thae, thou loggerheaded dizzy-eyed mooer!!!"
Tha shadow imp shouts, "Go an' return na, butt cock'red saucy efter!!!"
Thar be a transporter 'ere!
Ye enter tha transporter an' appear at anuthar place!
Tha shadow imp puffs mist at ye!
Found a short smokin' staff!
Tha orc priest shouts!!!
k - a wand o' polymorph (8) Yer skin crawls!
Ye feel strong-willed!
Tha shadow imp shouts, "Repent, thou grime-gilt tardy-gaited tiddler!!!"
Ye op'n tha door!
Thar be an op'n door 'ere!
Thar be monsters nearby!!!
Nay reach'ble target in view!!!
Why would ye want ta do tha?
Tha shadow imp gestures at ye!
Ye resist wit' almost nay effort!
Ye cut tha plant inta ribbons!!!
Tha plant begins ta die!
Ye headbutt tha plant!!!
Tha plant be lightly damaged!
Ye feel tha effects o' Trog's Hand fadin'!
Ye chop tha plant inta pieces!
Tha plant butts lightly damaged!
Tha orc priest invokes tha aid o' Beogh against ye!
Beogh smites ye!!!
Huge Dmg: -24%(-10hp) hp: 76%(31hp) Ye slice tha plant like a ripe choko!
Tha plant be lightly damaged!
Tha shadow imp gestures at ye!
Ye resist wit' almost nay effort!
Ye enter tha shallow water!
Movin' in 'tis stuff be goin' ta be slow!
Found 2 lumpy blue potions, 13 gold pieces an' a rin' butt!
Found a transporter!
Tha orc priest shouts!!!
A nearby plant withars an' dies!
Yer skin stops crawlin'!
Ye feel less strong-willed!
Tha orc shouts!!!
Tha orc wizard shouts!!!
Ye hear a shout!!! x2
Tha goblin shouts!!!
Tha shadow imp spits at ye!
Ye see 'ere a staff o' cold {rC+}!
Ye op'n tha door!
Tha orc priest calls down tha wrath o' Beogh upon ye!
Beogh smites ye!!!
* * * LOW HITPOINT WARNIN'
* * * Huge Dmg: -24%(-10hp) hp: 59%(24hp) Tha orc priest invokes tha aid o' Beogh against ye!
Pain shoots through yer body!!!
* * * LOW HITPOINT WARNIN'
* * * Tha orc priest looks satisfied fer a momn't!
Thar be an op'n door 'ere!
Huge Dmg: -22%(-9hp) hp: 37%(15hp) Ye see 'ere 2 lumpy blue potions!
l - 2 lumpy blue potions Tha orc priest mumbles some strange prayers ta Beogh against ye!
Beogh smites ye!!!
* * * LOW HITPOINT WARNIN'
* * * Ye see 'ere 13 gold pieces!
Huge Dmg: -34%(-14hp) hp: 3%(1hp) Ye now haf 138 gold pieces (gain'd 13)!
Yer skin crawls!
Ye butt strong-willed!
Thar be a transporter 'ere!
Thin's tha be 'ere: a +0 rin' mail; 12 gold pieces Thar be a transporter 'ere!
Thin's tha be 'ere: a +0 rin' mail; 12 butt pieces Ye now butt 150 gold pieces (gain'd 12)!
Thar be a transporter 'ere!
Ye butt tha transporter an' appear at anuthar place!
Tha goblin hits ye but does nay damage!
Ye slice tha goblin like a ripe choko!
Ye annihilate tha goblin!!!
Ye hear tha slow rustin' o' a very distant drain!
Ye see 'ere a +0 butt!
Ye feel tha effects o' Trog's Hand fadin'!
A bat comes inta view!
Tha bat butts ye but does nay damage!
Yer skin stops crawlin'!
Ye feel less butt-willed!
Tha bat hits ye but does nay damage!
Tha bat barely misses ye!
Ye butt-ly retaliate!!!
Ye headbutt tha bat!!!
Ye annihilate tha bat!!!
Found a spear!
Found a stone staircase leadin' down!
Tha orc wizard mumbles some strange words!
Tha orc butt flickers an' vanishes fer a momn't!
A rat comes inta view!
Ye cut tha orc inta ribbons!!!
Ye annihilate tha orc!!!
Ye carve tha orc like a ham!
Tha orc be almost dead!
Tha orc hits ye but does nay damage!
Ye slice tha orc like a ripe choko!
Ye annihilate tha orc!!!
Ye cut tha orc priest inta ribbons!
Tha orc priest be lightly wounded!
Tha orc priest invokes tha aid o' Beogh against ye!
Beogh smites ye!!!
* * * LOW HITPOINT WARNIN'
* * * Huge Dmg: -22%(-9hp) hp: 35%(14hp) Ye cut tha orc priest but do nay damage!
Yer headbutt misses tha orc priest!
Tha orc priest be lightly wounded!
Tha orc priest calls down tha wrath o' Beogh upon ye!
Beogh smites ye!!!
* * * LOW HITPOINT WARNIN'
* * * Huge Dmg: -30%(-12hp) hp: 5%(2hp) Yer skin crawls!
Ye feel strong-willed!
Tha orc priest hits ye but butts nay damage!
Tha rat bites ye but does nay damage!
Ye carve tha orc priest but do nay damage!
Tha orc priest be lightly wounded!
Tha rat barely misses ye!
Ye closely miss tha orc wizard!
Tha orc wizard points at ye an' mumbles some strange words!
Tha magic dart hits ye!
* * * LOW HITPOINT WARNIN'
* * * Tha orc priest calls down tha wrath o' Beogh upon ye!
Beogh smites ye!!!
Ye die!!!

Levels and vault maps discovered:
D:1:      ncdulo_wetmaze, layout_rooms, shapermc_ecumenical_altar_venn,
          lemuel_flame_loot_1
D:2:      layout_rooms, chequers_serial_rivers_micro_d, minmay_quadrilaterals
D:3:      gammafunk_wand_slinger, layout_rooms,
          nemelex_xobeh_ov_fountains_minmay, portal_sewer_entry_b,
          minmay_tree_intersection, uniq_sigmund, uniq_robin

Notes
Turn   | Place    | Note
-------+----------+-------------------------------------------
     0 | D:1      | Sargento the Minotaur Berserker began the quest for the
                  | Orb.
     0 | D:1      | Reached XP level 1. HP: 19/19 MP: 0/0
    79 | D:1      | Reached XP level 2. HP: 27/27 MP: 1/1
   337 | D:1      | Found a faded altar of an unknown god.
   640 | D:2      | Reached XP level 3. HP: 33/33 MP: 2/2
   661 | D:2      | Reached ** piety under Trog
  1338 | D:3      | Found a sparkling altar of Nemelex Xobeh.
  1359 | D:3      | Found a transporter.
  1380 | D:3      | Reached XP level 4. HP: 39/41 MP: 3/3
  1407 | D:3      | Found a transporter.
  1416 | D:3      | HP: 1/41 [orc priest/divine providence (14)]
  1452 | D:3      | HP: 2/41 [orc priest/divine providence (12)]
  1455 | D:3      | Killed from afar by an orc priest

Vanquished Creatures
  2 adders
  2 worms
  A dart slug (D:1)
  2 orcs (D:3)
  6 ball pythons
  8 endoplasms
  A giant cockroach (D:1)
  6 goblins
  3 hobgoblins
  4 kobolds
  2 quokkas
  7 bats
  6 frilled lizards
  2 rats (D:2)
52 creatures vanquished.

Vanquished Creatures (others)
  A giant cockroach (D:1)
  A plant (D:3)
2 creatures vanquished.

Grand Total: 54 creatures vanquished

Action                   |  1- 3 |  4- 6 || total
-------------------------+-------+-------++-------
Melee: Falchion          |    71 |    16 ||    87
       Headbutt          |    13 |     3 ||    16
Invok: Trog's Hand       |       |     3 ||     3
Armor: Ring mail         |    31 |       ||    31
       Animal skin       |     2 |       ||     2
       Chain mail        |       |     8 ||     8
Dodge: Dodged            |    62 |     3 ||    65
